 Dungeon Crawl Stone Soup version 0.22-a0-419-g492bfec (webtiles) character file.

25 Rhok the Grave Robber (level 2, 0/25 HPs)
             Began as a Draconian Necromancer on May 15, 2018.
             Slain by a worm (9 damage)
             ... on level 2 of the Dungeon.
             The game lasted 00:02:29 (1091 turns).

Rhok the Grave Robber (Draconian Necromancer)       Turns: 1091, Time: 00:02:30

Health: 0/25       AC:  4    Str: 10    XL:     2   Next: 86%
Magic:  5/5        EV: 12    Int: 15    God:
Gold:   35         SH:  0    Dex: 11    Spells: 3/5 levels left

rFire    . . .     SeeInvis .   e - +0 mace (drain)
rCold    . . .     Gourm    .   (no shield)
rNeg     . . .     Faith    .   (armour unavailable)
rPois    .         Spirit   .   (helmet restricted)
rElec    .         Reflect  .   (no cloak)
rCorr    .         Harm     .   (no gloves)
MR       .....                  (no boots)
Stlth    ++........             (no amulet)
HPRegen  0.08/turn              (no ring)
MPRegen  0.09/turn              (no ring)

@: no status effects
A: unfitting armour, cold-blooded, AC +4
a: no special abilities


You were on level 2 of the Dungeon.
You were hungry.

You visited 1 branch of the dungeon, and saw 2 of its levels.

You collected 35 gold pieces.

Inventory:

Hand Weapons
 c - a +0 spear
 e - a +0 mace of draining (weapon)
Scrolls
 a - a scroll of teleportation {unknown}
 d - a scroll of enchant armour {unknown}
 h - a scroll of fog {unknown}
 i - a scroll of remove curse
Potions
 g - a potion of degeneration {unknown}
Comestibles
 f - 3 rations


   Skills:
 + Level 2.9 Fighting
 * Level 0.0 Maces & Flails
 - Level 1.7 Dodging
 - Level 1.7 Stealth
 - Level 2.0 Spellcasting
 - Level 4.0 Necromancy


You had 3 spell levels left.
You knew the following spells:

 Your Spells              Type           Power        Failure   Level  Hunger
a - Pain                  Necr           ##..         4%          1    #......
b - Animate Skeleton      Necr           N/A          4%          1    #......

Your spell library contained the following spells:

 Spells                   Type           Power        Failure   Level  Hunger
 Animate Dead             Necr           N/A          38%         4    #####..
 Vampiric Draining        Necr           ##........   13%         3    ###....
 Regeneration             Chrm/Necr      #.........   28%         3    ###....


Dungeon Overview and Level Annotations

Branches:
Dungeon (2/15)

Altars:


Innate Abilities, Weirdness & Mutations

Your plain brown scales are hard. (AC +4)
You cannot fit into any form of body armour.
You are cold-blooded and may be slowed by cold attacks.


Message History

You hit the worm.
The worm is heavily wounded.
You hit the worm.
The worm is almost dead.
The worm misses you.
You barely miss the worm.
The worm is almost dead.
The worm bites you!
You take 8 damage, and have 17/25 hp.
MASSIVE DAMAGE!!
You hit the worm but do no damage.
The worm is severely wounded.
The worm bites you!
You take 8 damage, and have 9/25 hp.
MASSIVE DAMAGE!!
You barely miss the worm.
The worm is severely wounded.
The worm barely misses you.
You barely miss the worm.
The worm is severely wounded.
The worm bites you!
You die...

##### # #
#...#.# .#
#.#.#.#..#
#........#
#........#
#<.......#
##@.....)#
#..w.....#
#.......##
#.........
#.......##
.%#.#.###
.. .#.#
#.. (#.#


You could see a worm.

Vanquished Creatures
  2 dart slugs (D:1)
  4 bats (D:1)
  2 giant cockroaches (D:1)
  3 hobgoblins (D:1)
  A frilled lizard (D:1)
  2 goblins (D:1)
  3 kobolds (D:1)
  A rat (D:1)
18 creatures vanquished.

Vanquished Creatures (collateral kills)
  A goblin (D:1)
  A frilled lizard (D:1)
2 creatures vanquished.

Grand Total: 20 creatures vanquished

Notes
Turn   | Place    | Note
-------+----------+-------------------------------------------
     0 | D:1      | Rhok the Draconian Necromancer began the quest for the Orb.
     0 | D:1      | Reached XP level 1. HP: 14/14 MP: 3/3
     6 | D:1      | Noticed an anaconda
     6 | D:1      | Noticed a polar bear
     6 | D:1      | Noticed a wyvern
     7 | D:1      | Noticed a hound
     7 | D:1      | Noticed a swamp worm
    46 | D:1      | Reached skill level 1 in Fighting
    49 | D:1      | Learned a level 1 spell: Animate Skeleton
   232 | D:1      | Reached XP level 2. HP: 24/24 MP: 5/5
  1091 | D:2      | Slain by a worm

Vault maps used:
D:1:      onia_arrival_zoo_common, minmay_misc_feat_doors, minmay_door_square
D:2:      first_ration

Skill      XL: |  1  2 |
---------------+-------+-----
Fighting       | 1 2 |  2.9
Dodging        | |  1.7
Stealth        | |  1.7
Spellcasting   | |  2.0
Necromancy     | |  4.0

Action                   || total
-------------------------++-------
Melee: Unarmed           ||    19
       Spear             ||    43
       Tailslap          ||     3
       Mace              ||     7
 Cast: Pain              ||     3
       Animate Skeleton  ||     5
  Use: Scroll            ||     1
 Stab: Sleeping          ||     4
Armor: Skin              ||    17
Dodge: Dodged            ||    43

Table legend:
 A = Spawn XP
 B = Non-spawn XP
 C = Spawn XP percentage of total XP
 D = Spawn monster count
 E = Non-spawn monster count
 F = Spawn count percentage of total count
 G = Total turns spent on level
                    A         B        C        D         E        F      G
               +---------+---------+-------+---------+---------+-------+---------
         Total |       0 |      37 |   0.0 |       0 |      20 |   0.0 |  1091
               +---------+---------+-------+---------+---------+-------+---------
           D:1 |       0 |      37 |   0.0 |       0 |      20 |   0.0 |  1080
               +---------+---------+-------+---------+---------+-------+---------
